 Dungeon Crawl Stone Soup version 0.29-a0-321-gf1c400731a (webtiles) character file.

Game seed: 2452575466262848414

0 Dabor the Protected (level 1, -1/17 HPs)
             Began as a Gnoll Wanderer on Apr 4, 2022.
             Slain by a goblin
             ... wielding a +0 dagger
              (2 damage)
             ... on level 1 of the Dungeon.
             The game lasted 00:00:18 (107 turns).

Dabor the Protected (Gnoll Wanderer)                 Turns: 107, Time: 00:00:19

Health: -1/17      AC:  8    Str: 13    XL:     1   Next: 10%
Magic:  6/6        EV:  9    Int: 10    God:
Gold:   16         SH:  0    Dex: 10    Spells: 9/9 levels left

rFire   . . .      SeeInvis .   a - +0 club
rCold   . . .      Faith    .   (no shield)
rNeg    . . .      Spirit   .   b - +0 scale mail
rPois   .          Reflect  .   (no helmet)
rElec   .          Harm     .   (no cloak)
rCorr   .          Rampage  .   (no gloves)
Will    .....                   (no boots)
Stlth   ..........              (no amulet)
HPRegen 0.05/turn               (no ring)
MPRegen 0.10/turn               (no ring)

@: no status effects
A: fangs 1, strong nose, distributed training
a: no special abilities


You were on level 1 of the Dungeon.
You visited 1 branch of the dungeon, and saw 1 of its levels.

You collected 16 gold pieces.

Inventory:

Hand Weapons
 a - a +0 club (weapon)
Armour
 b - a +0 scale mail (worn)
Potions
 c - a potion of berserk rage
 d - a potion of attraction


   Skills:
 + Level 2.3 Fighting
 + Level 0.0 Short Blades
 + Level 0.0 Long Blades
 + Level 0.0 Axes
 + Level 0.0 Maces & Flails
 + Level 0.0 Polearms
 + Level 0.0 Staves
 + Level 0.0 Slings
 + Level 0.0 Bows
 + Level 0.0 Crossbows
 + Level 2.3 Throwing
 + Level 8.4 Armour
 + Level 0.0 Dodging
 + Level 0.0 Stealth
 + Level 0.0 Shields
 + Level 0.0 Unarmed Combat
 + Level 4.8 Spellcasting
 + Level 0.0 Conjurations
 + Level 0.0 Hexes
 + Level 0.0 Summonings
 + Level 3.6 Necromancy
 + Level 0.0 Translocations
 + Level 0.0 Transmutations
 + Level 0.0 Fire Magic
 + Level 0.0 Ice Magic
 + Level 0.0 Air Magic
 + Level 0.0 Earth Magic
 + Level 0.0 Poison Magic
 + Level 0.0 Invocations
 + Level 0.0 Evocations


You had 9 spell levels left.
You didn't know any spells.
Your spell library contained the following spells:

 Spells                   Type           Power      Damage    Failure   Level
 Animate Skeleton         Necr           18%        N/A       19%         1
 Pain                     Necr           36%        1d5       19%         1
 Vampiric Draining        Necr           9%         2d6       50%         3


Dungeon Overview and Level Annotations

Branches:
Dungeon (1/15)

Altars:


Innate Abilities, Weirdness & Mutations

You have very sharp teeth.
Your uncanny sense of smell can sniff out nearby items.
Your experience applies equally to all skills.


Message History

You see here a bat corpse.
The goblin hits you but does no damage. The goblin hits you but does no damage.
You see here a bat corpse.
The goblin hits you with a +0 dagger. The goblin hits you but does no damage.
You see here a bat corpse.
The goblin closely misses you. The goblin hits you with a +0 dagger.
You see here a bat corpse.
The goblin hits you but does no damage. The goblin closely misses you.
You see here a bat corpse.
The goblin hits you but does no damage. The goblin completely misses you.
You see here a bat corpse.
The goblin hits you but does no damage. The goblin hits you with a +0 dagger.
You see here a bat corpse.
The goblin hits you but does no damage. The goblin completely misses you.
You see here a bat corpse.
The goblin hits you with a +0 dagger. The goblin barely misses you.
You see here a bat corpse.
The goblin hits you with a +0 dagger.
* * * LOW HITPOINT WARNING * * *
The goblin hits you but does no damage.
You see here a bat corpse.
The goblin hits you but does no damage. The goblin hits you but does no damage.
You see here a bat corpse.
The goblin hits you with a +0 dagger.
* * * LOW HITPOINT WARNING * * *
The goblin hits you but does no damage.
You see here a bat corpse.
The goblin hits you with a +0 dagger.
* * * LOW HITPOINT WARNING * * *
The goblin hits you with a +0 dagger.
You die...

#........#...#........#
#........'8.8+........#
###########'###########
+^...........(# .#.
#############.##..
#..#.# ######.#.######
###.....g.....(..
........@.######
...........#
.........#.#
........##..# ........#
#.# ##......# ..
######## #.# .>


You could see a goblin.

Vanquished Creatures
  A bat (D:1)
1 creature vanquished.

Notes
Turn   | Place    | Note
-------+----------+-------------------------------------------
     0 | D:1      | Dabor the Gnoll Wanderer began the quest for the Orb.
     0 | D:1      | Dabor set off with the following items: a +0 club, a +0
                  | scale mail, a potion of berserk rage, a potion of
                  | attraction; and the following spells available to memorise:
                  | Animate Skeleton, Pain, Vampiric Draining
     0 | D:1      | Reached XP level 1. HP: 17/17 MP: 6/6
   107 | D:1      | Slain by a goblin

Illustrated notes

Levels and vault maps discovered:
D:1:      giann_wishing_wells, layout_basic, hangedman_abyss_or_decor_stabs

Action                   || total
-------------------------++-------
Melee: Club              ||     9
       Bite              ||     1
Armor: Scale mail        ||    41
Dodge: Dodged            ||    26

Table legend: (Time is in decaauts)
 A = Elapsed time spent in this place.
 B = Non-inter-level travel time spent in this place.
 C = Inter-level travel time spent in this place.
 D = Time resting spent in this place.
 E = Time spent auto-exploring this place.
 F = Levels seen in this place.
 G = Mean time per level.
                   A        B        C        D        E       F      G
               +--------+--------+--------+--------+--------+-----+--------+
         Total |    109 |    109 |      0 |      0 |     52 |   1 |  109.0 |
       Dungeon |    109 |    109 |      0 |      0 |     52 |   1 |  109.0 |
               +--------+--------+--------+--------+--------+-----+--------+

Top non-repeatable levels by time:
     D:1: 109 daAuts
